 Dungeon Crawl Stone Soup version 0.30-a0-358-g0d69a1922f (webtiles) character file.

Game seed: 14490235634236815446

2228 vineage the Fighter (level 9, -4/60 HPs)
             Began as a Gargoyle Fighter on Nov 8, 2022.
             Was a Follower of Okawaru.
             Slain by a gnoll sergeant
             ... wielding a +3 vorpal trident
              (8 damage)
             ... on level 7 of the Dungeon.
             The game lasted 00:06:08 (6003 turns).

vineage the Fighter (Gargoyle Fighter)              Turns: 6003, Time: 00:06:08

Health: -4/60      AC: 21    Str: 23    XL:     9   Next: 36%
Magic:  9/9        EV:  7    Int: 10    God:    Okawaru [*.....]
Gold:   1077       SH:  5    Dex:  9    Spells: 8/8 levels left

rFire   . . .      SeeInvis .    r - +0 morningstar (vamp)
rCold   . . .      Faith    .    c - +0 buckler
rNeg    + . .      Spirit   .    x - +0 chain mail
rPois   ∞          Reflect  .    n - +0 helmet
rElec   +          Harm     .    t - +1 cloak
rCorr   .          Rampage  .    B - +0 pair of gloves
Will    .....                    (no boots)
Stlth   ..........               (no amulet)
HPRegen 0.30/turn                j - ring of wizardry
MPRegen 0.11/turn                (no ring)

@: no status effects
A: sickness immunity, AC +6, negative energy resistance 1, electricity
resistance, torment resistance 1, petrification resistance
a: Renounce Religion, Heroism


You were on level 7 of the Dungeon.
You worshipped Okawaru.
Okawaru was aware of your devotion.
You visited 2 branches of the dungeon, and saw 8 of its levels.

You collected 1077 gold pieces.

Inventory:

Hand Weapons
 a - a +1 flail
 r - a +0 vampiric morningstar (weapon)
Armour
 c - a +0 buckler (worn)
 n - a +0 helmet (worn)
 t - a +1 cloak (worn)
 x - a +0 chain mail (worn)
 B - a +0 pair of gloves (worn)
Jewellery
 j - a ring of wizardry (left hand)
 p - a ring of fire
 w - a ring of ice
Wands
 s - a wand of roots (6)
 C - a wand of mindburst (3)
Scrolls
 b - a scroll of identify
 u - 3 scrolls of poison
 y - a scroll of enchant armour
 A - a scroll of teleportation
Potions
 d - a potion of might
 e - 2 potions of mutation {unknown}
 f - 2 potions of attraction {unknown}
 g - a potion of haste {unknown}
 h - a potion of berserk rage
 i - 2 potions of curing
 k - a potion of degeneration {unknown}
 l - 4 potions of heal wounds
 m - a potion of invisibility {unknown}
 o - 3 potions of magic {unknown}
 q - a potion of resistance {unknown}
 v - 2 potions of flight {unknown}
 z - a potion of experience {unknown}


   Skills:
 * Level 8.8 Fighting
 * Level 6.5 Maces & Flails
 + Level 6.5 Armour
 + Level 6.5 Shields


You had 8 spell levels left.
You didn't know any spells.
Your spell library contained the following spells:

 Spells                   Type           Power      Damage    Failure   Level
 Frozen Ramparts          Ice            0%         1d1       98%         3
 Inner Flame              Hex/Fire       0%         N/A       98%         3
 Flame Wave               Conj/Fire      0%         2d4       100%        4
 Ice Form                 Ice/Tmut       0%         N/A       100%        4
 Sticky Flame             Conj/Fire      0%         2d3       100%        4
 Orb of Destruction       Conj           0%         9d5       100%        7
 Summon Guardian Golem    Hex/Summ       Unusable   N/A       N/A         3
 Summon Ice Beast         Ice/Summ       Unusable   N/A       N/A         4
 Spellforged Servitor     Conj/Summ      Unusable   N/A       N/A         7

Dungeon Overview and Level Annotations

Branches:
Dungeon (7/15)             Temple (1/1) D:6

Altars:
Ashenzari
Cheibriados
Dithmenos
Elyvilon
Hepliaklqana
Okawaru
Qazlal
Ru
Trog
Vehumet
Wu Jian
Yredelemnul
Zin
The Shining One

Shops:
D:4 *


Innate Abilities, Weirdness & Mutations

You are immune to sickness and miasma.
Your stone body is resilient. (AC +6)
You are immune to poison.
You resist negative energy. (rN+)
You are resistant to electric shocks. (rElec)
You are resistant to unholy torment.
You are immune to petrification.


Message History

You are too injured to fight recklessly!
You are too injured to fight recklessly!
You are too injured to fight recklessly!
The gnoll attacks as you move away! The gnoll hits you but does no damage.
The gnoll closely misses you.
The gnoll sergeant hits you from afar with a +3 vorpal trident.
* * * LOW HITPOINT WARNING * * *
x2 The gnoll attacks as you move away!
The gnoll hits you but does no damage.
You puncture the gnoll!
The gnoll is almost dead.
The gnoll hits you with a +0 flail.
* * * LOW HITPOINT WARNING * * *
The gnoll sergeant hits you but does no damage.
You puncture the gnoll!
You feel better.
You kill the gnoll!
Okawaru accepts your kill. You block the gnoll sergeant's attack.
The gnoll sergeant closely misses you.
Things that are here:
a +0 flail; a gnoll corpse You hit the gnoll sergeant.
You feel better.
The gnoll sergeant is lightly wounded.
The gnoll sergeant hits you with a +3 vorpal trident.
* * * LOW HITPOINT WARNING * * *
x2 You hit the gnoll sergeant.
You feel better.
The gnoll sergeant is moderately wounded.
The gnoll sergeant hits you but does no damage.
You closely miss the gnoll sergeant.
The gnoll sergeant is moderately wounded.
The gnoll sergeant closely misses you.
The gnoll sergeant hits you with a +3 vorpal trident.
* * * LOW HITPOINT WARNING * * *
x2 You sock the gnoll sergeant!
The gnoll sergeant is severely wounded.
The gnoll sergeant hits you with a +3 vorpal trident.
* * * LOW HITPOINT WARNING * * *
x2 You barely miss the gnoll sergeant.
The gnoll sergeant is severely wounded.
The gnoll sergeant hits you with a +3 vorpal trident!
You die...

..........##)##....###.#
............)####### #.# ...
.........###.# #.#
....###'#'##..)..# #.#
....###'#..<###### #.#
#........#### #.###
#........# #...#
#........########## #.#.##
#...........@g..# #.....
#.....#########.########.#'#.
#......# #.)...<.##.#.#.
#......#### #.....#.##.#.#.
#.......#.# #)##.## ..#.#.
#.........###.).# .8# ..##.##
######.#....#.#.. .....#...#
#.#....#.###8 ###.#._.#
#.#....+ ##. #.#...#


You could see a gnoll sergeant.

Vanquished Creatures
  Pikel (D:7)
  Menkaure (D:7)
  An orc warrior (D:7)
  A black bear (D:6)
  3 phantoms
  Blork the orc (D:4)
  A kobold brigand (D:6)
  2 bullfrogs (D:6)
  3 scorpions
  A gnoll sergeant (D:6)
  3 hounds (D:5)
  3 jellies
  Crazy Yiuf (D:2)
  Jessica (D:2)
  2 iguanas
  7 orc wizards
  10 adders
  8 gnolls
  A shadow imp (D:7)
  A white imp (D:7)
  2 ufetubi
  2 worms
  3 dart slugs
  14 orcs
  3 ball pythons
  5 endoplasms
  5 giant cockroaches
  5 goblins
  6 hobgoblins
  3 jackals (D:1)
  5 quokkas
  5 bats
  5 frilled lizards
  8 kobolds
  5 rats
128 creatures vanquished.

Vanquished Creatures (others)
  An orc wizard (D:7)
1 creature vanquished.

Grand Total: 129 creatures vanquished

Notes
Turn   | Place    | Note
-------+----------+-------------------------------------------
     0 | D:1      | vineage the Gargoyle Fighter began the quest for the Orb.
     0 | D:1      | Reached XP level 1. HP: 14/14 MP: 1/1
    64 | D:1      | Reached XP level 2. HP: 19/19 MP: 2/2
   331 | D:1      | Reached XP level 3. HP: 24/24 MP: 3/3
   812 | D:2      | Reached skill level 4 in Fighting
   921 | D:2      | Noticed Jessica
   941 | D:2      | Killed Jessica
   942 | D:2      | Reached XP level 4. HP: 27/29 MP: 4/4
  1002 | D:2      | Found a faded altar of an unknown god.
  1145 | D:2      | You fall into a shaft and drop 1 floor!
  1313 | D:2      | Found a runed translucent door.
  1314 | D:2      | Noticed Crazy Yiuf
  1766 | D:2      | Killed Crazy Yiuf
  1767 | D:2      | Reached XP level 5. HP: 30/34 MP: 5/5
  1776 | D:2      | Identified a scroll of acquirement
  1776 | D:2      | Acquired 748 gold pieces
  2061 | D:3      | Found an ornate altar of the Wu Jian Council.
  2411 | D:3      | Found a hazy altar of Hepliaklqana.
  2411 | D:3      | Found a radiant altar of Vehumet.
  2539 | D:4      | Found a stormy altar of Qazlal.
  2753 | D:4      | Noticed a phantom
  2763 | D:4      | Killed a phantom
  2764 | D:4      | Reached skill level 5 in Fighting
  2803 | D:4      | Reached XP level 6. HP: 40/40 MP: 6/6
  2956 | D:4      | Found Zin's Purification Station.
  2956 | D:4      | Found a glowing silver altar of Zin.
  3202 | D:4      | Noticed Blork the orc
  3208 | D:4      | Killed Blork the orc
  3542 | D:5      | Entered Level 5 of the Dungeon
  3635 | D:5      | Reached XP level 7. HP: 44/45 MP: 7/7
  3679 | D:5      | Reached skill level 6 in Fighting
  3811 | D:5      | Reached skill level 5 in Shields
  3830 | D:5      | Reached skill level 5 in Armour
  4224 | D:5      | Found a white marble altar of Elyvilon.
  4512 | D:6      | Reached XP level 8. HP: 52/52 MP: 8/8
  4570 | D:6      | Reached skill level 7 in Fighting
  4727 | D:6      | Found a staircase to the Ecumenical Temple.
  4748 | Temple   | Entered the Ecumenical Temple
  4804 | Temple   | Reached skill level 5 in Maces & Flails
  5181 | Temple   | Became a worshipper of Warmaster Okawaru
  5584 | D:7      | Noticed Pikel
  5598 | D:7      | Killed Pikel
  5599 | D:7      | Reached skill level 8 in Fighting
  5599 | D:7      | Reached XP level 9. HP: 43/60 MP: 9/9
  5701 | D:7      | Reached * piety under Okawaru
  5794 | D:7      | Found a sacrificial altar of Ru.
  5847 | D:7      | Noticed Menkaure
  5857 | D:7      | Killed Menkaure
  6002 | D:7      | HP: 3/60 [gnoll sergeant/+3 vorpal trident (1)]
  6003 | D:7      | Slain by a gnoll sergeant

Illustrated notes

Levels and vault maps discovered:
D:1:      psy_arrival_radial01, layout_basic
D:2:      layout_loops_ring, shapermc_ecumenical_altar_mp_highgroup,
          kennysheep_boxes, uniq_jessica, uniq_crazy_yiuf_cottage
D:3:      layout_basic, lemuel_crystal_altar, gammafunk_temple_overflow_statue,
          serial_bayou_crossing
D:4:      layout_loops_corners, mainiacjoe_overflow_tiny_flanked, zin_purify,
          uniq_blork_the_orc
D:5:      layout_loops_corners, elyvilon_altar_3
D:6:      layout_loops_ring, minmay_temple_entry_large_hall
D:7:      layout_basic, mainiacjoe_overflow_surrounded_room,
          small_statue_intersection, uniq_menkaure, uniq_prince_ribbit1,
          uniq_pikel
Temple:   nicolae_temple_ecumenical_triangle

Skill      XL: |  1  2  3  4  5  6  7  8 |
---------------+-------------------------+-----
Fighting       | 4 5 6 8 |  8.8
Armour         | 4 5 6 |  6.5
Shields        | 4 5 6 |  6.5
Maces & Flails | 3 4 6 |  6.5

Action                   |  1- 3 |  4- 6 |  7- 9 || total
-------------------------+-------+-------+-------++-------
Melee: Flail             |   113 |    94 |       ||   207
       Morningstar       |       |    39 |   331 ||   370
  Use: Scroll            |     5 |     7 |     2 ||    14
       Potion            |       |       |     3 ||     3
Armor: Scale mail        |    67 |    64 |   295 ||   426
       Chain mail        |       |       |    83 ||    83
Dodge: Dodged            |    70 |    64 |   187 ||   321
Block: Buckler           |    25 |    25 |   103 ||   153

Table legend: (Time is in decaauts)
 A = Elapsed time spent in this place.
 B = Non-inter-level travel time spent in this place.
 C = Inter-level travel time spent in this place.
 D = Time resting spent in this place.
 E = Time spent auto-exploring this place.
 F = Levels seen in this place.
 G = Mean time per level.
                   A        B        C        D        E       F      G
               +--------+--------+--------+--------+--------+-----+--------+
         Total |   6190 |   5996 |    194 |    399 |   4317 |   8 |  773.8 |
       Dungeon |   5731 |   5558 |    173 |     73 |   4282 |   7 |  818.7 |
        Temple |    459 |    438 |     21 |    326 |     35 |   1 |  459.0 |
               +--------+--------+--------+--------+--------+-----+--------+

Top non-repeatable levels by time:
     D:4: 1047 daAuts
     D:2: 982 daAuts
     D:5: 949 daAuts
     D:1: 826 daAuts
     D:3: 769 daAuts
     D:6: 719 daAuts
  Temple: 459 daAuts
     D:7: 435 daAuts
